Map: Lerilak Crest

Players

LilDicky - Winner!

  • Race: Terran Terran
  • League: Diamond

FlyingWhale

  • Race: Zerg Zerg
  • League: Diamond

VOD

http://www.twitch.tv/tumescentpie

Description

Time

  • Played on: Jan. 1, 2016, 4:16 p.m.
  • Length: 13:16
Show
View Real Time Build Order
Export as new Build Order

LilDicky Terran - Winner!

Build Orders:  

Get SALT Encoding   

  12  0:01  SCV  
  13  0:13  SCV  
  14  0:17  Supply Depot  
  14  0:25  SCV  
  15  0:39  SCV  
  15  0:42  Barracks  
  16  0:51  SCV  
  17  1:03  SCV  
  18  1:15  SCV  
  19  1:27  SCV  
  19  1:29  Marine  
  21  1:34  Supply Depot  
  21  1:39  SCV, Barracks  
  22  1:40  Barracks  
  22  1:41  Barracks  
  22  1:48  Marine  
  23  1:56  Barracks  
  23  2:00  Orbital Command  
  23  2:06  Marine  
  24  2:24  Marine  
  24  2:26  Supply Depot  
  25  2:30  Barracks, Marine  
  25  2:32  Marine  
  27  2:40  Marine  
  27  2:42  SCV, Marine  
  30  2:45  Marine  
  31  2:53  Marine  
  31  2:54  Supply Depot  
  31  2:55  SCV  
  31  2:57  Marine  
  34  2:59  Marine  
  34  3:05  Marine  
  36  3:07  SCV  
  36  3:09  Marine  
  36  3:11  Marine  
  39  3:15  Marine  
  39  3:19  SCV, Marine x2  
  42  3:26  Marine x2  
  44  3:29  Marine  
  44  3:32  SCV  
  46  3:35  Marine  
  47  3:54  SCV, Marine x5  
  45  4:30  Marine  
  45  4:31  Marine x5  
  48  4:33  SCV  
  51  4:45  SCV  
  51  4:48  Marine x3  
  51  4:49  Marine x2  
  44  4:53  Marine  
  44  4:57  SCV  
  40  5:06  Marine x4  
  40  5:07  Marine  
  39  5:11  Marine  
  41  5:15  Supply Depot  
  41  5:24  Marine x5  
  44  5:29  Marine  
  41  5:42  Marine x5  
  42  5:47  Marine  
  40  5:59  Marine  
  40  6:00  Marine x4  
  40  6:10  SCV  
  42  6:17  Marine x2  
  42  6:18  Marine x3  
  47  6:20  Supply Depot  
  39  6:34  Marine  
  39  6:35  Marine x4  
  39  6:36  Marine  
  40  6:54  Marine x2  
  40  6:55  Marine x4  
  46  7:05  Supply Depot  
  46  7:12  Marine x3  
  44  7:44  Marine x2  
  40  7:49  Marine x2  
  43  7:53  Marine x2  
  45  8:01  Marine x2  
  35  8:07  Marine x2  
  35  8:11  Marine x2  
  39  8:19  Marine x2  
  40  8:20  SCV  
  40  8:25  Marine x2  
  44  8:29  Marine x2  
  40  8:37  Marine x2  
  41  8:42  Marine  
  41  8:43  Marine  
  41  8:47  Marine x2  
  41  8:55  Marine, Orbital Command  
  42  9:47  Marine x6  
  42  9:49  SCV  
  49  10:05  Marine x6  
  52  10:22  Marine  
  52  10:23  Marine x4  
  54  10:35  Marine  
  54  10:40  Marine x2  
  54  10:41  Marine x3  
  44  10:52  Marine  
  44  10:58  Marine x4  
  44  10:59  Marine  
  49  11:10  Marine  
  45  11:16  Marine x5  
  43  11:28  Marine  
  44  11:34  Marine x5  
  44  11:35  SCV  
  50  11:46  Marine  
  50  11:52  Marine x5  
  51  11:58  Command Center  
  51  12:02  SCV  
  51  12:04  Marine  
  53  12:09  Marine  
  53  12:14  SCV  
  55  12:39  Marine x2  
  55  12:40  Marine x4  
  55  12:43  SCV  
  60  12:57  Marine x3  
  60  12:58  Marine x2  
  47  13:01  Barracks x2  
  47  13:02  Barracks x2  
Show
View Real Time Build Order
Export as new Build Order

FlyingWhale Zerg 

Build Orders: Hatch First 

Get SALT Encoding   

  12  0:02  Drone  
  13  0:13  Overlord  
  13  0:18  Drone  
  14  0:31  Drone  
  14  0:32  Drone  
  16  0:37  Drone  
  17  0:54  Hatchery  
  17  0:57  Drone  
  17  1:03  Extractor  
  16  1:07  Drone  
  17  1:20  Drone, Spawning Pool  
  17  1:26  Drone  
  17  1:32  Drone  
  19  2:01  Drone  
  19  2:03  Hatchery, Drone  
  19  2:04  Drone  
  21  2:15  Queen  
  24  2:22  Drone  
  24  2:23  Drone  
  24  2:28  Metabolic Boost  
  25  2:36  Overlord  
  25  2:41  Drone  
  26  2:46  Queen  
  28  2:55  Drone  
  28  2:56  Drone x3  
  32  3:01  Overlord  
  32  3:04  Zergling x2  
  33  3:08  Zergling x2  
  34  3:19  Drone x3  
  37  3:31  Zergling x2  
  37  3:32  Zergling x8  
  42  3:34  Queen  
  43  3:51  Spine Crawler  
  43  3:52  Spine Crawler  
  43  3:54  Spine Crawler  
  40  4:01  Spine Crawler  
  40  4:02  Spine Crawler  
  31  4:13  Zergling x16  
  28  4:25  Queen  
  28  4:38  Spine Crawler  
  27  5:01  Overlord x2  
  26  5:11  Drone x2  
  28  5:19  Drone x3  
  30  5:34  Zergling x2  
  30  5:35  Zergling x12  
  31  5:55  Queen  
  31  6:01  Lair  
  30  6:14  Drone x2  
  30  6:17  Drone x3  
  35  6:20  Spine Crawler  
  29  6:47  Zergling x14  
  29  6:48  Zergling x2  
  28  6:56  Spine Crawler  
  28  6:58  Spine Crawler  
  24  7:03  Baneling Nest  
  22  7:12  Zergling x6  
  25  7:25  Overlord  
  22  7:42  Zergling x8  
  22  7:51  Baneling x2  
  22  7:52  Baneling  
  22  8:12  Drone x3  
  25  8:13  Drone  
  25  8:15  Zergling x2  
  23  8:46  Zergling x4  
  24  8:51  Hatchery  
  23  8:56  Extractor  
  23  8:59  Drone x2  
  24  9:19  Drone x4  
  24  9:24  Zergling x2  
  24  9:45  Baneling  
  24  9:46  Baneling x2  
  24  9:50  Zergling x6  
  27  10:02  Centrifical Hooks  
  27  10:03  Zergling x2  
  27  10:04  Zergling x4  
  29  10:07  Overlord  
  28  10:25  Baneling  
  28  10:26  Baneling x4  
  20  10:57  Zergling x10  
  17  11:48  Zergling x10  
  20  12:00  Zergling x2  
  21  12:08  Baneling x5  
  20  12:33  Baneling x3  
  20  12:40  Zergling x6  
  20  12:41  Zergling x4  
  24  12:55  Zergling x2  
Tags
 
Add a new tag
Caveats
  • Supply blocks, unpowered buildings, or Contaminate may cause inaccurate times.
  • Supply counts are checked every 10 seconds.